 Dungeon Crawl Stone Soup version 0.29-a0-823-gc37b1572da (webtiles) character file.

Game seed: 3683761301873291157

177 Shayle the Sneak (level 5, -1/49 HPs)
             Began as a Naga Brigand on July 9, 2022.
             Slain by a killer bee (6 damage)
             ... on level 4 of the Dungeon.
             The game lasted 00:07:57 (2740 turns).

Shayle the Sneak (Naga Brigand)                     Turns: 2740, Time: 00:07:58

Health: -1/49      AC:  5    Str: 14    XL:     5   Next: 57%
Magic:  7/8        EV:  8    Int: 13    God:
Gold:   109        SH:  0    Dex: 12    Spells: 8/8 levels left

rFire   . . .      SeeInvis +   a - +2 dagger
rCold   . . .      Faith    .   (no shield)
rNeg    . . .      Spirit   .   j - +0 ring mail
rPois   +          Reflect  .   (no helmet)
rElec   .          Harm     .   c - +0 cloak
rCorr   .          Rampage  .   (no gloves)
Will    .....                   (no barding)
Stlth   +++.......              (no amulet)
HPRegen 0.16/turn               (no ring)
MPRegen 0.11/turn               (no ring)

@: lethally poisoned (-1 -> -6), very slow
A: AC +1, large, see invisible, deformed body, poison resistance, slowness 2,
spit poison 1, naga tail 1
a: Spit Poison


You were on level 4 of the Dungeon.
You visited 1 branch of the dungeon, and saw 4 of its levels.

You collected 109 gold pieces.

Inventory:

Hand Weapons
 a - a +2 dagger (weapon)
Missiles
 d - 9 poisoned darts (quivered)
Armour
 b - a +0 robe
 c - a +0 cloak (worn)
 j - a +0 ring mail (worn)
Jewellery
 i - a ring of willpower
Wands
 l - a wand of polymorph (8)
Scrolls
 f - a scroll of poison
 h - 3 scrolls of identify
 k - a scroll of teleportation {unknown}
Potions
 g - 2 potions of curing


   Skills:
 + Level 3.6 Fighting
 - Level 2.0 Short Blades
 - Level 1.7 Throwing
 - Level 0.7 Dodging
 + Level 7.6 Stealth
 + Level 2.4 Spellcasting


You had 8 spell levels left.
You didn't know any spells.
Your spell library was empty.

Dungeon Overview and Level Annotations

Branches:
Dungeon (4/15)
 Temple: D:4-7

Altars:
The Shining One

Shops:
D:2 :


Innate Abilities, Weirdness & Mutations

Your serpentine skin is tough. (AC +1)
You have supernaturally acute eyesight. (SInv)
Armour fits poorly on your strangely shaped body.
Your system is resistant to poisons. (rPois)
You cover ground very slowly.
You can spit poison.
You have a snake-like lower body.


Message History

The killer bee completely misses you. The killer bee barely misses you.
You hit the killer bee but do no damage.
The killer bee is heavily wounded.
The killer bee barely misses you.
The killer bee stings you but does no damage.
You hit the killer bee but do no damage.
The killer bee is heavily wounded.
The killer bee barely misses you. The killer bee stings you!
You hit the killer bee but do no damage.
The killer bee is severely wounded.
You have got your breath back.
The killer bee barely misses you.
The killer bee stings you but does no damage.
You barely miss the killer bee.
The killer bee is almost dead.
The killer bee stings you.
* * * LOW HITPOINT WARNING * * *
The killer bee barely misses you.
You closely miss the killer bee.
The killer bee is almost dead.
The killer bee stings you.
* * * LOW HITPOINT WARNING * * *
You are poisoned.
The killer bee poisons you!
You hit the killer bee.
You kill the killer bee!
* * * LOW HITPOINT WARNING * * *
You feel sick. The killer bee stings you.
* * * LOW HITPOINT WARNING * * *
Throw: dart (curare)
Press: ? - help, Q - select action, (/) - cycle Shift-Dir - straight line, f - killer bee
Aim: a killer bee (26% to hit)
You throw a curare-tipped dart.
The curare-tipped dart hits the killer bee.
The killer bee is poisoned.
The killer bee convulses.
The killer bee seems to slow down.
The killer bee is heavily wounded.
* * * LOW HITPOINT WARNING * * *
You feel sick. The killer bee stings you.
You die...

# #..
.....#######
......yy@..#
.....#####.#
. #.y #.# .
# #.# . #.#
# #.# # #.#
###### #.#
##...# #.#


You could see 2 killer bees.

Vanquished Creatures
  3 killer bees (D:4)
  A worm (D:2)
  2 dart slugs
  2 orcs
  4 endoplasms
  A giant cockroach (D:1)
  3 goblins
  3 hobgoblins
  4 kobolds
  A quokka (D:1)
  5 ball pythons
  6 bats
  A frilled lizard (D:1)
  4 rats
40 creatures vanquished.

Notes
Turn   | Place    | Note
-------+----------+-------------------------------------------
     0 | D:1      | Shayle the Naga Brigand began the quest for the Orb.
     0 | D:1      | Reached XP level 1. HP: 19/19 MP: 1/1
    84 | D:1      | Reached skill level 6 in Stealth
   256 | D:1      | Reached XP level 2. HP: 26/26 MP: 2/2
   492 | D:1      | Reached skill level 1 in Spellcasting
   550 | D:1      | Reached XP level 3. HP: 24/33 MP: 4/4
  1373 | D:2      | Found Putaal's Book Shop.
  2092 | D:3      | Found a faded altar of an unknown god.
  2395 | D:3      | Found a glowing golden altar of the Shining One.
  2717 | D:4      | Noticed a killer bee
  2721 | D:4      | Killed a killer bee
  2722 | D:4      | Reached skill level 7 in Stealth
  2722 | D:4      | Reached XP level 4. HP: 42/42 MP: 6/6
  2731 | D:4      | Reached XP level 5. HP: 32/49 MP: 6/8
  2740 | D:4      | Slain by a killer bee

Illustrated notes

Levels and vault maps discovered:
D:1:      ebering_trefoil_twist, layout_basic
D:2:      layout_loops_corners, serial_shops, nicolae_shop_hallway_plus
D:3:      layout_basic, tso_altar, nicolae_qazlal_style_of_elements,
          serial_shops, shop, nicolae_ecumenical_pavilion, uniq_jessica
D:4:      layout_loops_ring, nicolae_overflow_crystal_walls, minmay_misc_feat_x,
          nicolae_shop_fire_sale [nicolae_sub_dead_trees], minmay_crystal_room,
          uniq_ijyb, uniq_pikel, uniq_sigmund

Skill      XL: |  1  2  3  4 |
---------------+-------------+-----
Stealth        | 6 7 |  7.6
Spellcasting   | 1 2 |  2.4
Fighting       | 3 |  3.6
Short Blades   | |  2.0
Throwing       | |  1.7
Dodging        | |  0.7

Action                   |  1- 3 |  4- 6 || total
-------------------------+-------+-------++-------
Melee: Dagger            |    90 |     9 ||    99
       Punch             |     1 |       ||     1
Throw: Dart              |     5 |     2 ||     7
 Abil: Spit Poison       |     3 |     2 ||     5
  Use: Scroll            |     3 |       ||     3
       Potion            |     1 |       ||     1
 Stab: Sleeping          |    10 |       ||    10
Armor: Robe              |    19 |       ||    19
       Ring mail         |    13 |     3 ||    16
Dodge: Dodged            |    36 |    11 ||    47

Table legend: (Time is in decaauts)
 A = Elapsed time spent in this place.
 B = Non-inter-level travel time spent in this place.
 C = Inter-level travel time spent in this place.
 D = Time resting spent in this place.
 E = Time spent auto-exploring this place.
 F = Levels seen in this place.
 G = Mean time per level.
                   A        B        C        D        E       F      G
               +--------+--------+--------+--------+--------+-----+--------+
         Total |   3387 |   3237 |    150 |    417 |   2255 |   4 |  846.8 |
       Dungeon |   3387 |   3237 |    150 |    417 |   2255 |   4 |  846.8 |
               +--------+--------+--------+--------+--------+-----+--------+

Top non-repeatable levels by time:
     D:2: 1559 daAuts
     D:1: 1290 daAuts
     D:4: 348 daAuts
     D:3: 189 daAuts
